Map: [ESL] Goldenaura

Players

Harstem

  • Race: Protoss Protoss
  • Spawn Location: 5:00

Clem - Winner!

  • Race: Terran Terran
  • Spawn Location: 12:00

Event: ESL SC2 Masters 2024 Spring (Regional)

VOD

Have the link to the VOD?

Description

Time

  • Played on: April 28, 2024, 12:17 p.m.
  • Length: 10:32

All games in this series

Show
View Real Time Build Order
Export as new Build Order

Harstem Protoss 

Build Orders: 1 Gate Expand, Phoenix Opening, Mass Phoenix 

Get SALT Encoding   

  12  0:00  Probe  
  13  0:12  Probe  
  14  0:17  Pylon  
  14  0:24  Probe (Chrono Boost)  
  15  0:36  Probe (Chrono Boost), Gateway  
  16  0:45  Probe (Chrono Boost)  
  16  0:46  Assimilator  
  17  0:51  Probe  
  18  1:03  Probe  
  19  1:18  Nexus  
  19  1:27  Cybernetics Core  
  19  1:31  Probe  
  20  1:37  Assimilator  
  20  1:43  Probe  
  20  1:47  Pylon  
  21  1:55  Probe  
  22  2:02  Adept (Chrono Boost)  
  22  2:07  Probe (Chrono Boost)  
  25  2:18  Stargate, Probe (Chrono Boost)  
  26  2:24  Probe (Chrono Boost), Adept  
  29  2:30  Probe (Chrono Boost)  
  29  2:33  Warp Gate  
  31  2:39  Probe (Chrono Boost)  
  31  2:40  Probe (Chrono Boost)  
  32  2:45  Probe x2 (Chrono Boost)  
  34  2:54  Adept  
  34  2:57  Shield Battery  
  34  2:58  Probe  
  37  2:59  Probe  
  37  3:04  Phoenix (Chrono Boost)  
  40  3:10  Probe  
  40  3:11  Probe  
  42  3:22  Probe  
  42  3:23  Pylon, Phoenix (Chrono Boost)  
  45  3:27  Probe  
  45  3:31  Assimilator  
  46  3:41  Probe  
  47  3:44  Phoenix (Chrono Boost)  
  47  3:45  Probe  
  50  3:50  Robotics Facility  
  50  3:51  Pylon  
  50  3:53  Probe  
  51  3:57  Assimilator, Probe  
  52  4:05  Probe  
  52  4:09  Probe  
  52  4:17  Probe  
  52  4:18  Phoenix  
  52  4:21  Stalker, Probe  
  58  4:29  Probe  
  59  4:33  Probe  
  60  4:38  Pylon  
  60  4:40  Immortal (Chrono Boost)  
  60  4:41  Probe  
  60  4:43  Phoenix  
  60  4:45  Probe  
  60  4:53  Pylon  
  60  4:56  Probe  
  60  4:57  Probe  
  60  4:59  Stalker  
  56  5:08  Phoenix (Chrono Boost), Probe  
  56  5:09  Probe  
  58  5:20  Probe  
  58  5:21  Probe  
  58  5:22  Stalker  
  58  5:27  Robotics Bay  
  55  5:32  Phoenix (Chrono Boost)  
  59  5:38  Nexus  
  59  5:40  Probe  
  58  5:45  Immortal (Chrono Boost)  
  62  5:54  Phoenix  
  66  5:57  Probe  
  66  6:00  Pylon, Probe  
  66  6:06  Zealot  
  68  6:11  Pylon  
  68  6:17  Probe  
  69  6:22  Phoenix  
  69  6:23  Probe  
  69  6:25  Colossus (Chrono Boost)  
  72  6:30  Probe  
  77  6:35  Probe  
  78  6:42  Probe  
  79  6:47  Phoenix, Probe  
  79  6:54  Probe  
  81  6:59  Probe  
  80  7:01  Gateway  
  80  7:04  Extended Thermal Lance, Gateway  
  80  7:06  Probe  
  80  7:07  Gateway  
  81  7:11  Probe  
  81  7:12  Probe, Colossus (Chrono Boost)  
  89  7:15  Gateway  
  89  7:18  Probe  
  90  7:23  Gateway  
  90  7:30  Sentry, Gateway  
  90  7:31  Phoenix  
  90  7:35  Shield Battery  
  94  7:38  Shield Battery  
  94  7:42  Forge  
  95  7:44  Gateway  
  95  7:50  Colossus (Chrono Boost)  
  97  7:54  Pylon  
  97  7:55  Pylon  
  100  8:02  Pylon  
  91  8:10  Zealot x5  
  91  8:12  Phoenix  
  94  8:29  Sentry, Stalker  
  94  8:31  Stalker  
  94  8:32  Stalker x2  
  94  8:34  Warp Prism (Chrono Boost)  
  106  8:37  Zealot  
  106  8:38  Zealot  
  110  8:44  Stalker  
  112  8:49  Probe  
  111  9:00  Zealot x6  
  115  9:04  Phoenix (Chrono Boost)  
  115  9:08  Sentry, Stalker  
  119  9:21  Stalker x3  
  125  9:30  Zealot, Stalker x2  
  125  9:45  Zealot x5  
  95  9:55  Stalker x3  
  95  9:57  Probe x2  
  101  10:00  Twilight Council  
  101  10:08  Sentry, Stalker x2  
  101  10:09  Zealot x2  
  101  10:10  Probe  
  88  10:22  Stalker x3  
Show
View Real Time Build Order
Export as new Build Order

Clem Terran - Winner!

Build Orders: 1/1/1, Liberator Opening 

Get SALT Encoding   

  12  0:00  SCV  
  13  0:12  SCV  
  14  0:16  Supply Depot  
  14  0:24  SCV  
  15  0:38  SCV  
  15  0:40  Barracks  
  15  0:42  Refinery  
  16  0:51  SCV  
  16  0:54  Refinery  
  17  1:03  SCV  
  18  1:15  SCV  
  19  1:27  Orbital Command, Reaper  
  19  1:30  Supply Depot  
  20  1:40  Factory  
  20  1:53  SCV  
  21  1:59  Barracks Reactor  
  21  2:05  SCV  
  22  2:15  Command Center  
  22  2:18  SCV  
  23  2:28  Starport  
  23  2:30  SCV  
  23  2:34  Supply Depot  
  23  2:37  Marine  
  24  2:41  Widow Mine  
  24  2:43  Marine  
  28  2:46  SCV  
  29  2:55  Marine  
  31  2:58  SCV  
  31  3:01  Marine  
  31  3:02  Cyclone  
  34  3:08  Medivac  
  34  3:10  SCV  
  37  3:14  Marine  
  37  3:19  Marine  
  40  3:27  SCV  
  40  3:32  Marine  
  41  3:36  Cyclone, Marine  
  41  3:39  SCV  
  45  3:43  Liberator  
  48  3:50  Orbital Command, Marine  
  48  3:53  SCV  
  48  3:54  Marine  
  51  4:05  SCV  
  51  4:08  Marine  
  53  4:14  Marine  
  53  4:15  Cyclone  
  53  4:17  SCV  
  54  4:32  Barracks  
  54  4:33  Supply Depot  
  54  4:34  SCV  
  54  4:38  Supply Depot  
  54  4:39  Marine  
  54  4:41  Marine  
  54  4:42  SCV  
  53  4:46  SCV  
  53  4:47  Supply Depot  
  54  4:55  SCV, Cyclone, Viking  
  54  4:57  Marine  
  54  4:58  SCV  
  54  4:59  Marine  
  58  5:07  SCV, Barracks  
  58  5:10  SCV  
  58  5:15  Marine  
  58  5:19  SCV  
  58  5:21  Marine  
  53  5:22  SCV  
  53  5:23  Barracks Tech Lab  
  53  5:26  Refinery  
  53  5:28  Engineering Bay  
  53  5:29  Starport Tech Lab  
  53  5:30  Factory Reactor  
  53  5:31  SCV  
  53  5:33  Engineering Bay  
  53  5:34  SCV, Marine  
  53  5:39  Marine  
  53  5:40  Supply Depot  
  53  5:41  Marine  
  53  5:42  Stimpack  
  55  5:43  SCV  
  55  5:46  SCV, Refinery  
  57  5:51  Supply Depot  
  57  5:52  Marine  
  57  5:55  SCV, Terran Infantry Weapons Level 1  
  57  5:56  Starport Reactor  
  57  5:57  Marine  
  59  5:58  SCV  
  59  6:02  Marauder  
  59  6:04  Combat Shield  
  63  6:05  Marauder  
  63  6:07  SCV  
  63  6:09  Marine  
  63  6:10  SCV  
  68  6:12  Widow Mine x2  
  68  6:14  Marine  
  73  6:22  Supply Depot  
  73  6:27  Command Center, Marauder  
  73  6:28  Marine  
  73  6:32  Marauder  
  75  6:33  Marine  
  75  6:34  Medivac  
  75  6:37  Medivac  
  75  6:39  Widow Mine  
  75  6:46  Marine  
  76  6:48  Marauder  
  76  6:51  Marine  
  76  6:53  Marine  
  76  6:54  SCV  
  79  6:58  SCV  
  79  6:59  Barracks  
  79  7:00  Barracks  
  80  7:04  Marine  
  80  7:05  Supply Depot  
  80  7:07  Widow Mine, SCV  
  83  7:09  Marine  
  83  7:12  Widow Mine  
  83  7:13  Marauder  
  83  7:14  Marauder  
  90  7:16  SCV  
  90  7:20  Medivac  
  90  7:21  Medivac  
  90  7:22  Marine  
  96  7:24  SCV, Concussive Shells  
  96  7:28  Supply Depot  
  97  7:30  Marine  
  97  7:33  Widow Mine x2  
  97  7:35  Marauder  
  97  7:36  SCV  
  105  7:37  SCV  
  105  7:43  Marine  
  109  7:44  Marauder  
  109  7:48  SCV, Barracks Tech Lab, Barracks Reactor  
  110  7:51  Orbital Command  
  110  7:54  Marine  
  110  7:55  SCV  
  110  7:56  Supply Depot, Marauder  
  114  8:00  SCV  
  114  8:01  Widow Mine x2  
  117  8:05  Marauder  
  117  8:07  SCV, Marine  
  117  8:08  Marauder  
  117  8:10  Medivac  
  112  8:12  Medivac  
  112  8:15  Marine  
  112  8:18  SCV x2, Marauder  
  115  8:20  SCV  
  115  8:24  Marine  
  115  8:25  Marine x2  
  119  8:27  Marauder  
  119  8:30  SCV, Ghost Academy  
  119  8:31  SCV  
  119  8:32  SCV  
  119  8:33  Widow Mine x2  
  126  8:34  Marauder  
  126  8:35  Marine  
  126  8:40  Viking  
  129  8:42  Supply Depot, Viking  
  131  8:48  Engineering Bay  
  131  8:50  Armory  
  131  8:52  Refinery, Marine x2  
  131  8:53  Marine x2  
  131  8:55  Widow Mine  
  131  8:57  Marauder  
  131  8:58  Marauder  
  131  8:59  Marine  
  128  9:04  Supply Depot  
  128  9:06  Widow Mine  
  130  9:11  Supply Depot  
  130  9:12  Viking  
  130  9:16  Ghost, Viking  
  132  9:18  Ghost  
  132  9:19  Ghost, Marine  
  132  9:23  Marine x2  
  141  9:24  Refinery, Marine  
  138  9:34  Widow Mine x2  
  138  9:37  Marine  
  139  9:42  Marine  
  139  9:44  Marine  
  139  9:45  Ghost  
  114  9:47  Marauder  
  114  9:48  Marauder  
  114  9:52  Marine  
  109  9:53  SCV  
  109  9:55  Widow Mine x2  
  109  9:56  Marine  
  109  9:59  Viking  
  85  10:00  Viking  
  117  10:01  Marine  
  117  10:06  Marine  
  116  10:09  SCV, Marauder  
  116  10:10  Marauder  
  116  10:11  SCV  
  122  10:19  SCV  
Tags
 
Add a new tag
Caveats
  • Supply blocks, unpowered buildings, or Contaminate may cause inaccurate times.
  • Supply counts are checked every 10 seconds.